Map: Ulrena

Players

Aleks

  • Race: Terran Terran

Wellmet - Winner!

  • Race: Terran Terran

VOD

Have the link to the VOD?

Description

Time

  • Played on: Nov. 10, 2015, 12:15 a.m.
  • Length: 5:08
Show
View Real Time Build Order
Export as new Build Order

Aleks Terran 

Build Orders:  

Get SALT Encoding   

  12  0:01  SCV  
  13  0:13  SCV  
  14  0:19  Supply Depot  
  14  0:32  SCV  
  15  0:42  Barracks  
  15  0:45  SCV  
  16  0:54  Refinery  
  16  0:55  Refinery  
  16  0:57  SCV  
  17  1:09  SCV  
  19  1:28  Orbital Command  
  19  1:31  Barracks Reactor, Barracks  
  18  2:04  SCV, Factory  
  19  2:15  Marine  
  19  2:16  Marine  
  19  2:17  SCV  
  22  2:23  Barracks Tech Lab  
  22  2:29  SCV  
  23  2:30  Bunker  
  23  2:38  Engineering Bay  
  23  2:45  Supply Depot  
  23  3:01  Bunker  
  23  3:08  Marine x2  
  23  3:12  Factory Tech Lab  
  25  3:14  Starport  
  25  3:20  SCV  
  25  3:21  Supply Depot  
  26  3:33  SCV  
  27  3:56  Command Center  
  27  3:59  Starport Reactor  
  27  4:08  Siege Tank  
  30  4:24  Missile Turret  
Show
View Real Time Build Order
Export as new Build Order

Wellmet Terran - Winner!

Build Orders: Reaper Expand 

Get SALT Encoding   

  12  0:01  SCV  
  13  0:14  SCV  
  13  0:18  Supply Depot  
  14  0:26  SCV  
  15  0:29  Refinery  
  15  0:40  SCV  
  16  0:47  Barracks  
  16  0:52  SCV  
  17  1:04  SCV  
  18  1:16  SCV  
  19  1:36  Orbital Command  
  19  1:38  Factory  
  19  1:49  Reaper  
  19  1:56  Bunker  
  19  2:02  SCV  
  20  2:15  Command Center, SCV  
  21  2:21  Reaper  
  22  2:31  Supply Depot  
  22  2:32  Hellion  
  23  2:44  Starport  
  23  2:53  SCV, Hellion  
  23  2:58  Supply Depot  
  26  3:02  Reaper  
  26  3:05  SCV  
  28  3:14  Refinery  
  28  3:16  Factory Tech Lab  
  28  3:17  SCV  
  28  3:19  Hellion  
  31  3:29  SCV  
  31  3:30  Orbital Command  
  32  3:38  Marine  
  32  3:40  Medivac  
  35  3:46  Factory Tech Lab  
  35  3:48  SCV  
  36  3:57  SCV, Marine  
  36  4:00  SCV  
  39  4:07  Siege Tank  
  42  4:15  SCV  
  42  4:17  Barracks Reactor  
  43  4:18  SCV  
  43  4:20  Supply Depot  
  44  4:28  SCV  
  44  4:30  SCV  
  46  4:40  SCV  
  46  4:48  SCV  
Tags
 
Add a new tag
Caveats
  • Supply blocks, unpowered buildings, or Contaminate may cause inaccurate times.
  • Supply counts are checked every 10 seconds.